 Dungeon Crawl Stone Soup version 0.29-a0-668-g12ee2bf84d (webtiles) character file.

Game seed: 16693689442117463689

75922 zishaf the Warrior (level 15, 0/138 (140) HPs)
             Began as an Ogre Cinder Acolyte on June 22, 2022.
             Was the Champion of Wu Jian.
             Slain by a wizard
             ... wielding a +2 dagger of draining
              (2 damage)
             ... on level 6 of the Lair of Beasts on June 23, 2022.
             The game lasted 00:54:54 (32870 turns).

zishaf the Warrior (Ogre Cinder Acolyte)           Turns: 32870, Time: 00:54:54

HP:   0/138 (140)   AC: 16    Str: 32      XL:     15   Next: 51%
MP:   24/24         EV:  7    Int: 13 (15) God:    Wu Jian [******]
Gold: 1638          SH:  5    Dex:  7 (8)  Spells: 9/26 levels left

rFire   x . .      SeeInvis .   w - +3 dire flail (flame)
rCold   + + .      Faith    .   (shield currently unavailable)
rNeg    . . .      Spirit   .   S - +0 ice dragon scales
rPois   .          Reflect  +   X - +0 hat
rElec   .          Harm     .   q - +1 cloak
rCorr   .          Rampage  .   (gloves unavailable)
Will    +....                   (boots unavailable)
Stlth   ..........              x - amulet of reflection
HPRegen 0.33/turn               Y - +4 ring of protection
MPRegen 0.19/turn               i - ring "Sozapli" {Str+6 Dex+4 Slay+6}

@: lightly drained
A: large, unfitting armour, tough skin 1, [deterioration 1], [dopey 1], [frail
2]
a: Renounce Religion, Wall Jump, Serpent's Lash, Heavenly Storm


You were on level 6 of the Lair of Beasts.
You worshipped Wu Jian.
Wu Jian was exalted by your worship.
You visited 3 branches of the dungeon, and saw 21 of its levels.
You visited the Abyss 1 time.
You also visited: Ice Cave.

You collected 1638 gold pieces.

Inventory:

Hand Weapons
 w - a +3 dire flail of flaming (weapon)
 V - a +0 giant spiked club of venom
Missiles
 c - 36 poisoned darts (quivered)
 d - 9 javelins
 j - 6 silver boomerangs
 I - 8 curare-tipped darts
Armour
 q - a +1 cloak (worn)
 y - a +1 robe of cold resistance
 S - +0 ice dragon scales (worn)
 X - a +0 hat (worn)
Jewellery
 e - a ring of resist corrosion
 i - the ring "Sozapli" (right hand) {Str+6 Dex+4 Slay+6}
   (You acquired it on level 8 of the Dungeon)

   [ring of strength]

   Str:       It affects your strength (+6).
   Dex:       It affects your dexterity (+4).
   Slay:      It affects your accuracy & damage with ranged weapons and melee
   (+6).
 o - a ring of ice
 x - an amulet of reflection (around neck)
 E - an amulet of regeneration
 H - a ring of protection from cold
 J - a ring of protection from cold
 W - a ring of flight
 Y - a +4 ring of protection (left hand)
Wands
 k - a wand of polymorph (11)
 s - a wand of acid (3)
 K - a wand of charming (28)
 L - a wand of mindburst (13)
 M - a wand of iceblast (7)
 P - a wand of flame (25)
Scrolls
 a - a scroll of silence
 h - 4 scrolls of vulnerability
 l - 2 scrolls of teleportation
 m - a scroll of fog
 n - a scroll of magic mapping
 r - a scroll of torment
 t - 7 scrolls of enchant weapon
 A - 3 scrolls of poison
 F - a scroll of immolation
 Q - 2 scrolls of enchant armour
 R - 7 scrolls of identify
Potions
 b - a potion of haste
 f - a potion of curing
 g - 4 potions of brilliance
 p - a potion of might
 v - 3 potions of lignification
 z - 3 potions of cancellation
 B - 5 potions of flight
 C - 2 potions of resistance
 G - 3 potions of invisibility
 T - 2 potions of mutation
 Z - 2 potions of attraction
Miscellaneous
 N - a box of beasts
 O - a phial of floods


   Skills:
 + Level 17.8 Fighting
 + Level 12.9 Maces & Flails
 - Level 2.0 Throwing
 - Level 6.0 Spellcasting
 + Level 8.9 Conjurations
 - Level 6.0 Fire Magic
 * Level 13.7 Air Magic


You had 9 spell levels left.
You knew the following spells:

 Your Spells              Type           Power      Damage    Failure   Level
a - Maxwell's Capacitive  Air            19%        ∞         100%        8
b - Lightning Bolt        Conj/Air       16%        1d30      11%         5
c - Static Discharge      Conj/Air       33%        N/A       1%          2
A - Scorch                Fire           38%        2d6       5%          2

Your spell library contained the following spells:

 Spells                   Type           Power      Damage    Failure   Level
 Magic Dart               Conj           100%       1d8       1%          1
 Searing Ray              Conj           54%        2d6       1%          2
 Summon Small Mammal      Summ           12%        N/A       38%         1
 Fulminant Prism          Conj/Hex       7%         3d7       54%         4
 Call Canine Familiar     Summ           3%         N/A       77%         3
 Gell's Gravitas          Tloc           3%         N/A       77%         3
 Portal Projectile        Hex/Tloc       6%         N/A       77%         3
 Summon Guardian Golem    Hex/Summ       3%         N/A       77%         3
 Teleport Other           Tloc           3%         N/A       77%         3
 Tukima's Dance           Hex            3%         N/A       77%         3
 Animate Armour           Summ/Erth      6%         N/A       99%         4
 Leda's Liquefaction      Hex/Erth       1%         N/A       99%         4
 Passage of Golubria      Tloc           3%         N/A       99%         4
 Blade Hands              Tmut           1%         N/A       100%        5
 Yara's Violent Unravell  Hex/Tmut       1%         3d3       100%        5
 Dispersal                Tloc           1%         N/A       100%        6
 Iron Shot                Conj/Erth      7%         9d2       100%        6


Dungeon Overview and Level Annotations

Branches:
Dungeon (14/15)            Temple (1/1) D:6            Lair (6/6) D:11
 Shoals (0/4) Lair:4       Spider (0/4) Lair:4        Slime (0/5) Lair:6
    Orc (0/2) D:11          IceCv (visited)
 Vaults: D:13-14

Altars:
Ashenzari
Cheibriados
Dithmenos
Elyvilon
Fedhas
Gozag
Hepliaklqana
Kikubaaqudgha
Makhleb
Nemelex Xobeh
Okawaru
Qazlal
Ru
Sif Muna
Trog
Uskayaw
Vehumet
Wu Jian
Xom
Yredelemnul
Zin
The Shining One

Shops:
D:5 [**   D:7 **


Innate Abilities, Weirdness & Mutations

You are too large for most types of armour.
You have tough skin. (AC +1)
[Your body sometimes deteriorates upon taking damage.]
[You are dopey. (Int -2)]
[You are very frail. (-20% HP)]


Message History

You destroy the starcursed mass!
The Council accepts your kill. The smoke demon gestures at you.
Something smites you!
A starcursed mass splits.
You bludgeon the starcursed mass!! You burn the starcursed mass.
You destroy the starcursed mass!
The Council accepts your kill.
The substance of the Abyss twists violently, and a gateway leading out appears!
The smoke demon gestures at you. The ball of steam hits you!!
The steam scalds you terribly!
* * * LOW HITPOINT WARNING * * *
The starcursed mass touches you but does no damage.
You pass through the gate.
Welcome back to the Lair of Beasts!
The wizard wildly gestures.
The wizard's hands start to glow.
You sock the starcursed mass! You burn the starcursed mass.
You destroy the starcursed mass!
The Council accepts your kill.
A hell hound and an orange demon come into view.
Found a burning altar of Makhleb.
You lunge at the wizard.
You impale the wizard!! You burn the wizard.
The wizard is severely wounded.
The hell hound barks!
The orange demon screeches!
You hear a shout!
You hear a roar!
You hear a bark!
You block the wizard's attack.
You miss the wizard.
The wizard is severely wounded.
The hell hound breathes flames at you. The blast of flame hits you!!
The fire burns you terribly!
* * * LOW HITPOINT WARNING * * *
Your body deteriorates!
You feel dopey.
You hear a screech!
Okay, then.
Okay, then.
You feel better.
The wizard hits you with a +2 dagger of draining.
* * * LOW HITPOINT WARNING * * *
You feel drained.
You die...

# §≈ ≈§§## #########
§.....#........
...h..#..8.8... ♣♣
._4...'p..#.8.. ♣. #@.#.8...
♣. #...8.# ♣
###############..8.#...
#.............'...8.8..
#....8....8...#........
#.............#########+♣♣♣♣♣
#######''###### ♣♣♣.♣♣.♣♣
♣....♣ ♣♣♣.....).♣♣ ♣♣..♣♣
♣♣♣....♣♣♣...♣♣


You could see an orange demon, a wizard and a hell hound (catching breath).

Vanquished Creatures
  A tentacled starspawn (Abyss:2)
  A reaper (IceCv)
  A very ugly thing (Abyss:2)
  A rakshasa (Abyss:2)
  5 boulder beetles
  4 hydras
  Erica (D:8)
  A centaur warrior (D:13)
  3 thrashing horrors (Abyss:2)
  4 death yaks
  Sonja (D:10)
  A wretched star (Abyss:2)
  Amaemon (Lair:3)
  2 sixfirhies (Abyss:2)
  3 starcursed masses
  2 deep elf pyromancers (D:12)
  A wolf spider (Lair:4)
  2 worldbinders (Abyss:2)
  2 cyclopes
  A manticore (D:13)
  An ugly thing (D:13)
  2 oklob plants (Lair:5)
  An apocalypse crab (Abyss:2)
  20 elephants
  An ice statue (IceCv)
  2 merfolk sirens (Lair:4)
  7 black mambas
  A torpor snail (Lair:6)
  An orange demon (Lair:3)
  2 smoke demons (Abyss:2)
  7 rime drakes
  A gargoyle (D:12)
  Maggie (Lair:1)
  A demonic crawler (Abyss:2)
  11 cane toads
  13 komodo dragons
  3 kobold demonologists
  An unseen horror (D:12)
  2 entropy weaver simulacra (IceCv)
  An anaconda simulacrum (IceCv)
  2 trolls (D:12)
  2 merfolk (Lair:4)
  8 polar bears
  Grinder (D:3)
  5 raiju (Abyss:2)
  7 blink frogs
  10 dream sheep
  5 slime creatures (D:12)
  A jumping spider (Lair:4)
  A ynoxinul (Abyss:2)
  Sigmund (D:2)
  A vampire (D:11)
  4 large abominations (Abyss:2)
  A shadow (D:11)
  A wraith (D:12)
  2 dire elephant simulacra (IceCv)
  14 fire elementals
  35 yaks
  A water elemental (Abyss:2)
  5 steam dragons
  5 basilisks
  13 wyverns
  A neqoxec (Abyss:2)
  A redback (Lair:4)
  A chaos spawn (Abyss:2)
  Edmund (D:4)
  6 death yak simulacra (IceCv)
  5 vampire mosquitoes
  A harpy simulacrum (IceCv)
  An acid dragon (D:9)
  14 water moccasins
  3 orc warriors
  10 black bears
  An ice beast (D:6)
  A sky beast (D:7)
  23 wolves
  An ogre (D:4)
  3 centaurs
  5 small abominations (Abyss:2)
  5 kobold brigands
  19 bullfrogs
  2 gnoll sergeants
  2 two-headed ogre simulacra (IceCv)
  6 scorpions
  6 cane toad simulacra (IceCv)
  An earth elemental (Abyss:2)
  3 necrophages
  23 wights
  2 elephant simulacra (IceCv)
  7 killer bees
  3 electric eels
  10 howler monkeys
  2 orc priests
  4 hounds
  11 jellies
  Crazy Yiuf (D:3)
  2 quasits (Abyss:2)
  2 gnoll shamans
  Terence (D:3)
  9 orc wizards
  6 iguanas
  6 hell rats (Lair:5)
  6 troll simulacra (IceCv)
  2 wolf simulacra (IceCv)
  4 spriggan simulacra (IceCv)
  A hound skeleton (D:5)
  20 gnolls
  4 adders
  6 naga simulacra (IceCv)
  2 river rats (D:11)
  20 white imps
  11 ufetubi
  3 worms
  3 dart slugs
  31 orcs
  8 endoplasms
  3 giant cockroaches
  7 goblins
  6 hobgoblins
  6 quokkas
  4 ball pythons
  5 bats
  3 frilled lizards
  31 kobolds
  12 rats
  A starspawn tentacle (Abyss:2)
652 creatures vanquished.

Vanquished Creatures (others)
  An electric eel (D:7)
  A gnoll (D:9)
  81 foxfires
  49 fungi
  121 plants
  2 starspawn tentacles (Abyss:2)
255 creatures vanquished.

Grand Total: 907 creatures vanquished

Notes
Turn   | Place    | Note
-------+----------+-------------------------------------------
     0 | D:1      | zishaf the Ogre Cinder Acolyte began the quest for the Orb.
     0 | D:1      | Reached XP level 1. HP: 24/24 MP: 2/2
   362 | D:1      | Reached XP level 2. HP: 31/32 MP: 4/4
   365 | D:1      | Learned a level 2 spell: Scorch
   852 | D:1      | Found a faded altar of an unknown god.
  1210 | D:2      | Noticed a necrophage
  1217 | D:1      | Reached XP level 3. HP: 40/40 MP: 0/5
  1505 | D:2      | Killed a necrophage
  1506 | D:2      | Reached skill level 1 in Throwing
  1506 | D:2      | Reached XP level 4. HP: 43/49 MP: 0/7
  2152 | D:2      | Noticed Sigmund
  2198 | D:2      | Killed Sigmund
  2199 | D:2      | Reached skill level 5 in Fighting
  2199 | D:2      | Reached XP level 5. HP: 15/57 MP: 0/9
  2199 | D:2      | Reached XP level 6. HP: 18/66 MP: 0/10
  2772 | D:3      | Noticed Grinder
  2783 | D:3      | Paralysed by Grinder for 5 turns
  2790 | D:3      | Killed Grinder
  2791 | D:3      | Reached skill level 6 in Fighting
  2791 | D:3      | Reached XP level 7. HP: 16/75 MP: 0/11
  3631 | D:3      | Found a runed translucent door.
  3632 | D:3      | Noticed Crazy Yiuf
  3720 | D:3      | Noticed Terence
  3725 | D:3      | Killed Terence
  4033 | D:3      | Killed Crazy Yiuf
  5230 | D:4      | Found an opulent altar of Gozag.
  5576 | D:4      | Noticed Edmund
  5597 | D:4      | Killed Edmund
  5598 | D:4      | Reached skill level 7 in Fighting
  5598 | D:4      | Reached skill level 5 in Maces & Flails
  5598 | D:4      | Reached skill level 5 in Fire Magic
  5598 | D:4      | Reached XP level 8. HP: 11/87 MP: 1/12
  5979 | D:5      | Entered Level 5 of the Dungeon
  5979 | D:5      | Found Tikifag's Armour Emporium.
  6573 | D:5      | Found Napo Hae's Assorted Antiques.
  6660 | D:5      | Found Kememiph's Armour Shoppe.
  6713 | D:5      | Found a burning altar of Makhleb.
  6764 | D:5      | Found Idwima's General Store.
  6997 | D:6      | Reached skill level 8 in Fighting
  7477 | D:6      | Reached skill level 9 in Fighting
  7596 | D:6      | Reached XP level 9. HP: 94/95 MP: 13/13
  7937 | D:6      | Reached skill level 10 in Fighting
  8086 | D:6      | Found a staircase to the Ecumenical Temple.
  8673 | D:7      | Found Viobriejon's Overcharged Wands.
  8711 | D:7      | Found Nerches's General Store.
  8728 | D:7      | Noticed a boulder beetle
  8807 | Temple   | Entered the Ecumenical Temple
  8991 | D:7      | Found a broken altar of Ashenzari.
  9133 | D:7      | Killed a boulder beetle
  9134 | D:7      | Reached skill level 11 in Fighting
  9134 | D:7      | Reached XP level 10. HP: 30/115 MP: 14/14
  9557 | D:7      | Reached skill level 12 in Fighting
  9790 | D:7      | Learned a level 8 spell: Maxwell's Capacitive Coupling
 10013 | D:7      | Reached skill level 1 in Air Magic
 10813 | D:8      | Identified a scroll of acquirement
 10814 | D:8      | Acquired the ring "Sozapli" {Str+6 Dex+4 Slay+6}
 10910 | D:8      | Found an ornate altar of the Wu Jian Council.
 10927 | D:8      | Fell from the grace of Ignis
 10927 | D:8      | Became a worshipper of the Wu Jian Council
 11086 | D:8      | Noticed Erica
 11096 | D:8      | Killed Erica
 11356 | D:8      | Found a blossoming altar of Fedhas.
 11462 | D:9      | Reached * piety under Wu Jian
 11734 | D:9      | Reached skill level 13 in Fighting
 11736 | D:9      | Reached skill level 5 in Air Magic
 11743 | D:9      | Reached XP level 11. HP: 117/127 MP: 15/15
 11838 | D:9      | Found a basalt altar of Yredelemnul.
 12843 | D:10     | Entered Level 10 of the Dungeon
 12960 | D:10     | Learned a level 5 spell: Lightning Bolt
 13155 | D:10     | Noticed Sonja
 13166 | D:10     | Killed Sonja
 13167 | D:10     | Reached skill level 1 in Conjurations
 13663 | D:10     | Reached ** piety under Wu Jian
 14041 | D:10     | You fall into a shaft and drop 2 floors!
 14093 | D:12     | Noticed a deep elf pyromancer
 14102 | D:12     | Killed a deep elf pyromancer
 14232 | D:12     | You fall into a shaft and drop 2 floors!
 14268 | D:14     | Noticed a cyclops
 14271 | D:14     | Killed a cyclops
 14290 | D:13     | Noticed a centaur warrior
 14293 | D:13     | Killed a centaur warrior
 14312 | D:13     | Noticed a manticore
 14316 | D:13     | Killed a manticore
 14317 | D:13     | Reached skill level 10 in Maces & Flails
 14330 | D:13     | Noticed a cyclops
 14336 | D:13     | Killed a cyclops
 14353 | D:13     | Noticed a brown ugly thing
 14363 | D:13     | Killed a brown ugly thing
 14364 | D:13     | Reached skill level 14 in Fighting
 14370 | D:13     | Found a frozen archway.
 14655 | IceCv    | Entered an ice cave
 15187 | IceCv    | Reached *** piety under Wu Jian
 15550 | IceCv    | Reached XP level 12. HP: 119/139 MP: 16/16
 15969 | IceCv    | Noticed a reaper
 15998 | IceCv    | Killed a reaper
 16217 | IceCv    | Was forgiven by Ignis
 17150 | D:13     | Noticed a two-headed ogre
 17641 | D:11     | Noticed a death yak
 17642 | D:11     | Noticed a death yak
 17653 | D:11     | Noticed a death yak
 17658 | D:11     | Killed a death yak
 17665 | D:11     | Killed a death yak
 17671 | D:11     | Killed a death yak
 17671 | D:11     | Reached **** piety under Wu Jian
 17723 | D:11     | Found a staircase to the Lair.
 17937 | D:11     | Found a staircase to the Orcish Mines.
 17993 | D:11     | Noticed a boulder beetle
 17999 | D:11     | Killed a boulder beetle
 18733 | D:12     | Learned a level 2 spell: Static Discharge
 18773 | D:12     | Reached skill level 15 in Fighting
 18773 | D:12     | Reached skill level 5 in Conjurations
 19618 | D:12     | Found a bloodstained altar of Trog.
 20113 | Lair:1   | Entered Level 1 of the Lair of Beasts
 20422 | Lair:1   | Noticed Maggie
 20425 | Lair:1   | Killed Maggie
 20629 | Lair:1   | Reached XP level 13. HP: 144/150 MP: 19/19
 21104 | Lair:1   | Reached skill level 10 in Air Magic
 21776 | Lair:2   | Reached ***** piety under Wu Jian
 22328 | Lair:2   | Found a white marble altar of Elyvilon.
 22446 | Lair:2   | Reached skill level 5 in Spellcasting
 23963 | Lair:3   | Reached skill level 16 in Fighting
 24620 | Lair:3   | Noticed Amaemon
 24636 | Lair:3   | Killed Amaemon
 25138 | Lair:4   | Reached XP level 14. HP: 131/162 MP: 23/23
 25149 | Lair:4   | Found a staircase to the Shoals.
 25391 | Lair:4   | Found a hole to the Spider Nest.
 25412 | Lair:4   | Upgraded the game from 0.29-a0-664-gff9cad4a3d to
                  | 0.29-a0-668-g12ee2bf84d
 27857 | Lair:5   | Reached ****** piety under Wu Jian
 28349 | Lair:5   | Found a blossoming altar of Fedhas.
 29318 | Lair:6   | Entered Level 6 of the Lair of Beasts
 29586 | Lair:6   | Reached skill level 17 in Fighting
 30643 | Lair:6   | Found a staircase to the Slime Pits.
 30651 | Lair:6   | Reached XP level 15. HP: 164/174 MP: 24/24
 31353 | Lair:6   | Cast into level 2 of the Abyss (a wizard)
 31742 | Abyss:2  | Found a corrupted altar of Lugonu.
 31892 | Abyss:2  | Noticed a tentacled starspawn
 31901 | Abyss:2  | Killed a tentacled starspawn
 31991 | Abyss:2  | HP: 6/168 [large abomination (25)]
 32045 | Abyss:2  | HP: 8/170 [starcursed mass/accursed screaming (7)]
 32048 | Abyss:2  | Found a corrupted altar of Lugonu.
 32108 | Abyss:2  | Noticed a profane servitor
 32119 | Abyss:2  | Noticed a tentacled starspawn
 32357 | Abyss:2  | Noticed a daeva
 32375 | Abyss:2  | HP: 5/140 [daeva/divine providence (13)]
 32866 | Lair:6   | Escaped the Abyss
 32868 | Lair:6   | Found a burning altar of Makhleb.
 32869 | Lair:6   | HP: 1/140 [hell hound/blast of flame (22)]
 32870 | Lair:6   | Slain by a wizard

Illustrated notes

Levels and vault maps discovered:
D:1:      dpeg_arrival_central, layout_loops_cross,
          hellmonk_ecumenical_altar_slurped_away, minmay_misc_feat_roman
D:2:      layout_loops_ring, kennysheep_small_spiral,
          wander_ebering_terrifying_dragon_lair, uniq_sigmund
D:3:      layout_loops_corners, uniq_crazy_yiuf_cottage, uniq_terence,
          uniq_grinder
D:4:      layout_basic, lemuel_tele_altar, uniq_edmund
D:5:      layout_gridville, makhleb_blood_cavern_becter, serial_shops,
          nicolae_shop_hallway_stairs, kennysheep_little_box, shop, shop_statue
D:6:      layout_rooms, minmay_temple_entry_hall, minmay_checkerbox
D:7:      layout_loops_ring, nicolae_ashenzari_panopticon, serial_shops,
          nicolae_shop_advertising_works [nicolae_subvault_shop_adworks],
          serial_bayou_lagoon_a, serial_bayou_ford_a,
          nicolae_shop_overcharged_wands
D:8:      layout_basic, mainiacjoe_overflow_six_doors_small,
          nicolae_overflow_crystal_walls, uniq_erica
D:9:      layout_loops_ring, mainiacjoe_overflow_brackets
D:10:     layout_irregular_city, serial_park_tiny_pond,
          hellmonk_bongcloud_opening, grunt_ministairs_10, uniq_sonja
D:11:     layout_gridville, dpeg_lair_monsters
D:12:     layout_gridville, tgw_trog
D:13:     layout_cave_pools, portal_ice_cave_entry_imps, grunt_dithmenos_smoke,
          uniq_jorgrun
D:14:     layout_roguey, erik_vaults_2, serial_bayou_pond_a,
          nicolae_qazlal_scattered_showers, uniq_louise
Temple:   nicolae_temple_x_marks_the_god
Lair:1:   layout_concentric_octagons, beast_lair_carwin_7, lemuel_fruit_tree,
          lemuel_fruit_fields, infiniplex_staircase_pool_2, uniq_maggie
Lair:2:   nzn_winding_woodlands_large [nzn_winding_woodlands_5x5_three,
          nzn_winding_woodlands_5x15_parted,
          nzn_winding_woodlands_5x5_checkerboard,
          nzn_winding_woodlands_center_pierced_h,
          nzn_winding_woodlands_15x15_eel_pit,
          nzn_winding_woodlands_center_triple_pond,
          nzn_winding_woodlands_5x5_perimeter,
          nzn_winding_woodlands_5x15_garden,
          nzn_winding_woodlands_5x5_open_star], layout_small_grid, basic_altar,
          beast_lair_carwin_5
Lair:3:   layout_concentric_octagons, minivault_11, lemuel_fruit_fields,
          lemuel_fruit_fields, infiniplex_staircase_pool, serial_bayou_shore_a,
          uniq_amaemon
Lair:4:   layout_big_grid, elwin_shoals_entry_stream,
          spider_nest_entry_funnel_web, beast_lair_carwin_9
Lair:5:   layout_small_grid, hangedman_tree_tricks
Lair:6:   evil_forest, layout_gridlike, minmay_slime_entry_jelly_boxes

Skill      XL: |  1  2  3  4  5  6  7  8  9 10 11 12 13 14 15 |
---------------+----------------------------------------------+-----
Maces & Flails | 3 4 5 6 8 9 10 11 12 | 12.9
Throwing       | 1 2 |  2.0
Spellcasting   | 2 3 4 6 |  6.0
Fire Magic     | 3 4 5 6 |  6.0
Fighting       | 5 6 7 9 11 13 14 15 16 17 | 17.8
Air Magic      | 5 7 9 11 12 13 | 13.7
Conjurations   | 3 5 6 8 |  8.9

Action                   |  1- 3 |  4- 6 |  7- 9 | 10-12 | 13-15 || total
-------------------------+-------+-------+-------+-------+-------++-------
Melee: Mace              |    60 |    10 |    17 |       |       ||    87
       Flail             |       |       |    29 |       |       ||    29
       Punch             |       |       |     2 |       |       ||     2
       Dire flail        |       |       |   115 |   602 |   922 ||  1639
 Cast: Scorch            |    12 |    23 |   120 |    76 |    15 ||   246
Invok: Foxfire Swarm     |       |       |     6 |       |       ||     6
       Fiery Armour      |       |       |     4 |       |       ||     4
       Lunge             |       |       |       |    62 |    58 ||   120
       Whirlwind         |       |       |       |     5 |    15 ||    20
       Serpent's Lash    |       |       |       |       |     1 ||     1
       Heavenly Storm    |       |       |       |       |     1 ||     1
  Use: Scroll            |       |       |       |    30 |    14 ||    44
       Potion            |       |       |       |     6 |     9 ||    15
Armor: Robe              |    15 |     1 |    48 |       |       ||    64
       Steam dragon scal |       |       |    11 |   132 |       ||   143
       Ice dragon scales |       |       |       |    66 |   420 ||   486
Dodge: Dodged            |    41 |     4 |    96 |   183 |   240 ||   564
Block: Other             |       |       |    35 |    97 |   160 ||   292
       Reflection        |       |       |       |     6 |     1 ||     7

Table legend: (Time is in decaauts)
 A = Elapsed time spent in this place.
 B = Non-inter-level travel time spent in this place.
 C = Inter-level travel time spent in this place.
 D = Time resting spent in this place.
 E = Time spent auto-exploring this place.
 F = Levels seen in this place.
 G = Mean time per level.
                   A        B        C        D        E       F      G
               +--------+--------+--------+--------+--------+-----+--------+
         Total |  32595 |  31625 |    970 |   4968 |  22254 |  23 | 1417.2 |
       Dungeon |  17642 |  16830 |    812 |   1643 |  13053 |  14 | 1260.1 |
        Temple |    144 |    144 |      0 |      0 |    129 |   1 |  144.0 |
          Lair |  10956 |  10798 |    158 |   1222 |   8286 |   6 | 1826.0 |
         Abyss |   1445 |   1445 |      0 |    994 |      0 |   1 | 1445.0 |
      Ice Cave |   2407 |   2407 |      0 |   1108 |    786 |   1 | 2407.0 |
               +--------+--------+--------+--------+--------+-----+--------+

Top non-repeatable levels by time:
   IceCv: 2407 daAuts
  Lair:4: 2382 daAuts
     D:7: 1980 daAuts
  Lair:6: 1972 daAuts
  Lair:5: 1961 daAuts
     D:4: 1889 daAuts
  Lair:2: 1767 daAuts
    D:10: 1594 daAuts
     D:3: 1576 daAuts
  Lair:1: 1508 daAuts
     D:5: 1478 daAuts
 Abyss:2: 1445 daAuts
     D:2: 1365 daAuts
  Lair:3: 1364 daAuts
    D:11: 1346 daAuts
